 Dungeon Crawl Stone Soup version 0.28.0 (webtiles) character file.

Game seed: 4204958986861083542

336 puppykicker the Cutter (level 6, -8/33 HPs)
             Began as a Vine Stalker Fighter on Feb 10, 2022.
             Mangled by an ogre (23 damage)
             ... on level 4 of the Dungeon.
             The game lasted 00:08:49 (3174 turns).

puppykicker the Cutter (Vine Stalker Fighter)       Turns: 3174, Time: 00:08:50

Health: -8/33      AC:  8    Str: 19    XL:     6   Next: 54%
Magic:  0/10       EV:  9    Int: 10    God:
Gold:   103        SH:  5    Dex: 13    Spells: 9/9 levels left

rFire   . . .      SeeInvis .   b - +5 short sword
rCold   . . .      Faith    .   c - +0 buckler
rNeg    . . .      Spirit   +   l - +0 scale mail
rPois   .          Reflect  .   (no helmet)
rElec   .          Harm     .   q - +1 cloak {Will+}
rCorr   .          Rampage  .   (no gloves)
Will    +....                   (no boots)
Stlth   +.........              (no amulet)
HPRegen 0.91/turn               (no ring)
MPRegen 0.12/turn               (no ring)

@: no status effects
A: fangs 2, regeneration 1, magic shield, antimagic bite, no potion heal 2
a: no special abilities


You were on level 4 of the Dungeon.
You visited 1 branch of the dungeon, and saw 4 of its levels.
You also visited: Sewer.

You collected 103 gold pieces.

Inventory:

Hand Weapons
 a - a +0 rapier
 b - a +5 short sword (weapon)
Missiles
 o - 14 poisoned darts (quivered)
Armour
 c - a +0 buckler (worn)
 l - a +0 scale mail (worn)
 q - a +1 cloak of willpower (worn)
Wands
 h - a wand of polymorph (10)
Scrolls
 e - 6 scrolls of identify {unknown}
 f - 2 scrolls of amnesia {unknown}
Potions
 d - a potion of might
 g - a potion of ambrosia {unknown}
 i - a potion of haste {unknown}
 j - a potion of lignification {unknown}
 k - 2 potions of heal wounds
 m - a potion of flight
 n - 3 potions of curing
 p - a potion of attraction {unknown}
 r - a potion of mutation {unknown}


   Skills:
 + Level 3.7 Fighting
 * Level 4.0 Short Blades
 - Level 2.4 Armour
 + Level 2.4 Stealth
 + Level 3.6 Shields
 + Level 2.0 Spellcasting


You had 9 spell levels left.
You didn't know any spells.
Your spell library contained the following spells:

 Spells                   Type           Power      Damage    Failure   Level
 Olgreb's Toxic Radiance  Pois           1%         N/A       100%        4
 Ozocubu's Refrigeration  Ice            0%         4d5       100%        7
 Ignition                 Fire           0%         3d3       100%        8


Dungeon Overview and Level Annotations

Branches:
Dungeon (4/15)              Sewer (visited)
 Temple: D:4-7

Altars:


Innate Abilities, Weirdness & Mutations

You have extremely sharp teeth.
Your natural rate of healing is unusually fast.
When hurt, damage is shared between your health and your magic reserves.
Your bite disrupts and absorbs the magic of your enemies.
Potions cannot restore your health.


Message History

Where to? (Enter - D:3, ? - help)
There is a stone staircase leading down here.
You climb downwards.
There is a stone staircase leading up here.
An ogre comes into view. It is wielding a +0 giant spiked club.
The ogre shouts!
An ogre is nearby!
An endoplasm comes into view.
The endoplasm quivers.
A goblin comes into view. It is wielding a +0 club.
The goblin shouts!
You block the ogre's attack.
The goblin moves out of view.
You hit the ogre.
A black bear comes into view.
The ogre closely misses you.
You closely miss the ogre.
The black bear growls angrily.
The ogre barely misses you.
You puncture the ogre! You bite the ogre. You drain its power.
You hit the ogre. You bite the ogre. You drain its power.
The ogre barely misses you.
You completely miss the ogre. You bite the ogre, but do no damage.
The ogre hits you with a +0 giant spiked club!!
Ouch! That really hurt!
* * * LOW HITPOINT WARNING * * *
You take 18 damage, and have 15/33 hp.
MASSIVE DAMAGE!!
You now have 5/10 mp.
You barely miss the ogre.
Unknown command.
You hit the ogre.
The ogre hits you with a +0 giant spiked club!
* * * LOW MAGIC WARNING * * *;
* * * LOW HITPOINT WARNING * * *
Unknown command.
You take 6 damage, and have 10/33 hp.
You now have 2/10 mp.
There is a stone staircase leading up here.
The ogre hits you with a +0 giant spiked club!!
* * * LOW MAGIC WARNING * * *
Ouch! That really hurt!
You die...

## #.## ##..### #.
##.....####
#..#.........##
......).......#
..............##
...........##.@##
..............O.#
......##..##.g####
....$.#..........##
###...............#
###...#.#..h...!#
#.######.##.....#
#) #.. #..........#
... ...
.............


You could see a black bear, an ogre and a goblin.

Levels and vault maps discovered:
D:1:      wander_arrival_peaceful_grave, layout_loops_corners,
          minmay_curled_crystal
D:2:      layout_basic, shapermc_ecumenical_altar_mp_vishouse, uniq_jessica,
          uniq_crazy_yiuf_cottage
D:3:      layout_basic, gup_sewer_entry_pipe, grunt_decor_resistance
D:4:      layout_cave_pools

Notes
Turn   | Place    | Note
-------+----------+-------------------------------------------
     0 | D:1      | puppykicker the Vine Stalker Fighter began the quest for
                  | the Orb.
     0 | D:1      | Reached XP level 1. HP: 11/11 MP: 2/2
     3 | D:1      | Identified a +0 whip
    53 | D:1      | Identified a +0 club
    71 | D:1      | Reached skill level 2 in Short Blades
   185 | D:1      | Identified a +0 mace
   213 | D:1      | Identified a +0 short sword
   220 | D:1      | Reached XP level 2. HP: 16/16 MP: 3/3
   415 | D:1      | Identified a +0 club
   440 | D:1      | Identified a +0 club
   784 | D:2      | Identified a +0 club
   784 | D:2      | Identified a +0 ring mail
   787 | D:2      | Identified a +0 dagger
   789 | D:2      | Identified a +0 dagger
   789 | D:2      | Identified a +0 robe
   793 | D:2      | Identified a +3 hand axe
   802 | D:2      | Reached skill level 3 in Fighting
   802 | D:2      | Reached skill level 3 in Shields
   802 | D:2      | Reached XP level 3. HP: 11/20 MP: 2/4
   809 | D:2      | HP: 4/20 [orc (3)]
  1165 | D:2      | Found a faded altar of an unknown god.
  1185 | D:2      | You fall into a shaft and drop 2 floors!
  1215 | D:4      | Reached skill level 3 in Short Blades
  1215 | D:4      | Gained mutation: Your natural rate of healing is unusually
                  | fast. [Vine Stalker growth]
  1215 | D:4      | Reached XP level 4. HP: 13/24 MP: 3/5
  1355 | D:4      | Identified a +0 short sword
  1355 | D:4      | Identified a +0 leather armour
  1373 | D:4      | Identified a +0 short sword
  1506 | D:3      | Reached skill level 1 in Spellcasting
  1513 | D:3      | Reached skill level 1 in Stealth
  1523 | D:3      | Found a glowing drain.
  1542 | D:3      | Reached XP level 5. HP: 28/28 MP: 5/7
  1553 | Sewer    | Entered a sewer
  1607 | Sewer    | Identified a +0 short sword
  1607 | Sewer    | Noticed a kobold brigand
  1607 | Sewer    | Identified a +0 dagger
  1607 | Sewer    | Identified a +0 dagger
  1608 | Sewer    | Identified a +0 dagger
  1608 | Sewer    | Noticed a kobold brigand
  1608 | Sewer    | Identified a +5 short sword
  1609 | Sewer    | Identified a +0 whip
  1654 | Sewer    | Killed a kobold brigand
  1664 | Sewer    | Killed a kobold brigand
  1665 | Sewer    | Reached skill level 2 in Stealth
  1665 | Sewer    | Reached XP level 6. HP: 19/32 MP: 9/9
  1729 | Sewer    | Found a white marble altar of Elyvilon.
  1936 | D:2      | Identified a +0 club
  2185 | D:2      | Identified a +0 whip
  2185 | D:2      | Identified a +0 short sword
  2232 | D:2      | Identified a +0 dagger
  2232 | D:2      | Identified a +0 robe
  2232 | D:2      | Noticed Jessica
  2236 | D:2      | Killed Jessica
  2341 | D:2      | Found a runed translucent door.
  2342 | D:2      | Identified a +4 quarterstaff of chaos
  2342 | D:2      | Identified a +1 cloak of willpower
  2342 | D:2      | Noticed Crazy Yiuf
  2613 | D:2      | Killed Crazy Yiuf
  2614 | D:2      | Reached skill level 4 in Short Blades
  2775 | D:3      | Identified a +0 dagger
  3024 | D:3      | Reached skill level 2 in Spellcasting
  3159 | D:4      | Identified a +0 giant spiked club
  3161 | D:4      | Identified a +0 club
  3162 | D:4      | Noticed a black bear
  3174 | D:4      | Mangled by an ogre

Table legend: (Time is in decaauts)
 A = Elapsed time spent in this place.
 B = Non-inter-level travel time spent in this place.
 C = Inter-level travel time spent in this place.
 D = Time resting spent in this place.
 E = Time spent auto-exploring this place.
 F = Levels seen in this place.
 G = Mean time per level.
                   A        B        C        D        E       F      G
               +--------+--------+--------+--------+--------+-----+--------+
         Total |   3274 |   3125 |    149 |    233 |   2178 |   5 |  654.8 |
       Dungeon |   2903 |   2754 |    149 |    228 |   2093 |   4 |  725.8 |
         Sewer |    371 |    371 |      0 |      5 |     85 |   1 |  371.0 |
               +--------+--------+--------+--------+--------+-----+--------+

Top non-repeatable levels by time:
     D:2: 1222 daAuts
     D:1: 771 daAuts
     D:3: 684 daAuts
   Sewer: 371 daAuts
     D:4: 224 daAuts

Table legend:
 A = Kills in this place as a percentage of kills in entire the game.
 B = Kills by you in this place as a percentage of kills by you in the entire game.
 C = Kills by friends in this place as a percentage of kills by friends in the entire game.
 D = Other kills in this place as a percentage of other kills in the entire game.
 E = Experience gained in this place as a percentage of experience gained in the entire game.
 F = Experience gained in this place divided by the number of levels of this place that you have seen.
                   A       B       C       D       E      F
               +-------+-------+-------+-------+-------+----------------------
         Total | 100.0 | 100.0 |   N/A |   N/A | 100.0 |  96.2
       Dungeon |  86.7 |  86.7 |   N/A |   N/A |  57.4 |  69.0
         Sewer |  13.3 |  13.3 |   N/A |   N/A |  42.6 | 205.0
               +-------+-------+-------+-------+-------+----------------------

Skill      XL: |  1  2  3  4  5  6 |
---------------+-------------------+-----
Short Blades   | 2 3 4 |  4.0
Fighting       | 3 |  3.7
Shields        | 3 |  3.6
Spellcasting   | 1 2 |  2.0
Stealth        | 1 2 |  2.4
Armour         | |  2.4

Action                   |  1- 3 |  4- 6 || total
-------------------------+-------+-------++-------
Melee: Rapier            |    68 |   105 ||   173
       Bite              |    16 |    38 ||    54
       Short sword       |       |    41 ||    41
Evoke: Wand              |       |     3 ||     3
  Use: Potion            |       |     1 ||     1
Armor: Scale mail        |    15 |    32 ||    47
Dodge: Dodged            |    28 |    60 ||    88
Block: Buckler           |    17 |    29 ||    46

Vanquished Creatures
  2 kobold brigands (Sewer)
  Crazy Yiuf (D:2)
  An iguana (D:4)
  Jessica (D:2)
  An orc wizard (D:2)
  2 adder skeletons (D:4)
  2 worms (D:4)
  A dart slug (D:2)
  4 orcs
  3 ball pythons
  5 bats
  2 endoplasms (D:1)
  6 giant cockroaches
  3 goblins
  9 hobgoblins
  4 jackals
  9 kobolds
  8 quokkas
  2 frilled lizards (D:2)
  9 rats
75 creatures vanquished.
